 Seeded DCSS version 0.30.1-5-ged363bc7ee (webtiles) character file.

Game seed: 920673320228942481 (custom seed)

3 Psyclone the Stinger (level 1, 10/10 HPs)
             Began as a Deep Elf Venom Mage on Sept 19, 2023.
             Quit the game on level 1 of the Dungeon.
             The game lasted 00:01:47 (79 turns).

Psyclone the Stinger (Deep Elf Venom Mage)            Turns: 79, Time: 00:01:49

Health: 10/10      AC:  2    Str:  5    XL:     1   Next: 41%
Magic:  6/6        EV: 13    Int: 19    God:
Gold:   965        SH:  0    Dex: 17    Spells: 5/6 levels left

rFire   . . .        (no weapon)
rCold   . . .        (no shield)
rNeg    . . .        a - +0 robe
rPois   +            (no helmet)
rElec   +            (no cloak)
rCorr   .            (no gloves)
SInv    .            (no boots)
Will    +++..        d - amulet "Riolylek" {Acrobat rPois Will+}
Stlth   ++           c - ring "Maill" {Contam rElec Will++ Dex+2 Slay+4}
HPRegen 0.21/turn    (no ring)
MPRegen 0.10/turn

%: acrobat
@: no status effects
A: no striking features
a: no special abilities


You were on level 1 of the Dungeon.
You visited 1 branch of the dungeon, and saw 1 of its levels.

You collected 965 gold pieces.

Inventory:

Armour
 a - a +0 robe (worn)
Jewellery
 c - the ring "Maill" (left hand) {Contam rElec Will++ Dex+2 Slay+4}
   (You acquired it on level 1 of the Dungeon)

   [ring of slaying]

   Dex:       It affects your dexterity (+2).
   Slay:      It affects your accuracy & damage with ranged weapons and melee
   (+4).
   rElec:     It insulates you from electricity.
   Contam:    It causes magical contamination when unequipped.
   Will:      It greatly increases your willpower.
 d - the amulet "Riolylek" (around neck) {Acrobat rPois Will+}
   (You acquired it on level 1 of the Dungeon)

   [amulet of the acrobat]

   It increases your evasion while moving and waiting.
   rPois:     It protects you from poison.
   Will:      It increases your willpower.
Potions
 b - a potion of magic


   Skills:
 - Level 2.4 Dodging
 - Level 2.4 Stealth
 - Level 3.0 Spellcasting
 - Level 1.1 Transmutations
 + Level 3.5 Poison Magic


You had 5 spell levels left.
You knew the following spells:

 Your Spells              Type           Power      Damage    Failure   Level
a - Sting                 Tmut/Pois      44%        1d5       6%          1

Your spell library contained the following spells:

 Spells                   Type           Power      Damage    Failure   Level
 Poisonous Vapours        Pois/Air       18%        N/A       11%         2
 Mephitic Cloud           Conj/Pois/Air  7%         N/A       28%         3
 Olgreb's Toxic Radiance  Pois           16%        N/A       34%         4


Dungeon Overview and Level Annotations

Branches:
Dungeon (1/15) Zot: 5921

Altars:


Message History

Casting: Sting (safe; 6% risk of failure)
Confirm with . or Enter, or press ? or * to list all spells.
Aiming: Sting (safe; 6% risk of failure)
Press: ? - help, Shift-Dir - straight line, f/p - ball python
Aim: a ball python (severely wounded, poisoned, 68% to hit)
The sting misses the ball python.
You kill the ball python!
You now have 4/6 mp.
Casting: Sting (safe; 6% risk of failure)
Confirm with . or Enter, or press ? or * to list all spells.
You can't see any susceptible monsters within range! (Use Z to cast anyway.) Unknown command.
You open the door.
Found 13 gold pieces.
Found 3 scrolls labelled NOEDYA EDEF.
There is an open door here.
Found a stone staircase leading down.
Found a hand axe.
c - 3 scrolls labelled NOEDYA EDEF This is a scroll of acquirement!
Something appears at your feet! Something appears at your feet!
Something appears at your feet!
You now have 965 gold pieces.
c - the ring "Maill" {Contam rElec Will++ Dex+2 Slay+4}
d - the amulet "Riolylek" {Acrobat rPois Will+} You start putting on your amulet.
You continue putting on the amulet "Riolylek" {Acrobat rPois Will+}.
Magic restored.
You continue putting on the amulet "Riolylek" {Acrobat rPois Will+}. x4
You finish putting on the amulet "Riolylek" {Acrobat rPois Will+}.
You feel ready to tumble and roll out of harm's way.
d - the amulet "Riolylek" (around neck) {Acrobat rPois Will+} MP restored: 6 Really put on
c - the ring "Maill" {Contam rElec Will++ Dex+2 Slay+4}?
You feel agile.
You feel a build-up of mutagenic energy.
c - the ring "Maill" (left hand) {Contam rElec Will++ Dex+2 Slay+4} Are you sure you want to abandon this character and quit the game? (Confirm with "yes".)
Okay, then.
Are you sure you want to abandon this character and quit the game? (Confirm with "yes".)

####### ... #..... ..#.
#.... ....####... #....
... ...###.# #...#.#
##+#$#.#@#####.
#######.#....#.........)
......#.#.....#.######.#
...##.#.#...#....#
....#.#.##'#####..#
......#.##.######..#
....###.##........>#
###.###.....†........
#.#.....###########


There were no monsters in sight!

Vanquished Creatures
  A dart slug (D:1)
  A ball python (D:1)
2 creatures vanquished.

Notes
Turn   | Place    | Note
-------+----------+-------------------------------------------
     0 | D:1      | Psyclone the Deep Elf Venom Mage began the quest for the
                  | Orb.
     0 | D:1      | Reached XP level 1. HP: 10/10 MP: 6/6
    67 | D:1      | Identified 3 scrolls of acquirement
    67 | D:1      | Acquired the amulet "Riolylek" {Acrobat rPois Will+}
    68 | D:1      | Acquired the ring "Maill" {Contam rElec Will++ Dex+2
                  | Slay+4}
    69 | D:1      | Acquired 965 gold pieces
    79 | D:1      | Quit the game

Illustrated notes

Levels and vault maps discovered:
D:1:      dpeg_arrival_orchard, layout_basic

Action                     || total
---------------------------++-------
   Cast: Sting             ||     4
    Use: Scroll            ||     3
